 Dungeon Crawl Stone Soup version 0.32-a0-975-g85d4e5bfdb (webtiles) character file.

Game seed: 8485972916393361551

2053 funkygono the Firebug (level 9, -2/48 HPs)
             Began as a Gargoyle Fire Elementalist on Apr 18, 2024.
             Was an Initiate of Vehumet.
             Slain by a wight
             ... wielding a +4 scimitar
              (5 damage)
             ... on level 6 of the Dungeon.
             The game lasted 00:11:20 (7091 turns).

funkygono the Firebug (Gargoyle Fire Elementalist)  Turns: 7091, Time: 00:11:20

Health: -2/48      AC: 10    Str: 13    XL:     9   Next: 25%
Magic:  17/19      EV: 11    Int: 19    God:    Vehumet [......]
Gold:   283        SH:  0    Dex: 10    Spells: 14/21 levels left

rFire   . . .        A - +0 whip (pain)
rCold   + . .        (no shield)
rNeg    + . .        a - +0 robe
rPois   ∞            (no helmet)
rElec   +            z - +0 cloak {rPois}
rCorr   .            y - +0 pair of gloves
SInv    +            (no boots)
Will    .....        (no amulet)
Stlth   ++           p - ring of protection from cold
HPRegen 0.28/turn    f - ring of see invisible
MPRegen 0.16/turn

%: no passive effects
@: no status effects
A: sickness immunity, AC +6, negative energy resistance 1, electricity
resistance, torment resistance 1, petrification resistance
a: Renounce Religion


You were on level 6 of the Dungeon.
You worshipped Vehumet.
Vehumet was noncommittal.
You visited 2 branches of the dungeon, and saw 7 of its levels.

You collected 283 gold pieces.

Inventory:

Hand Weapons
 c - a +0 morningstar of flaming
 e - a +2 whip
 A - a +0 whip of pain (weapon)
Armour
 a - a +0 robe (worn)
 s - a +2 buckler
 x - a +1 cloak
 y - a +0 pair of gloves (worn)
 z - a +0 cloak of poison resistance (worn)
Magical Staves
 t - a staff of cold
Jewellery
 f - a ring of see invisible (right hand)
 p - a ring of protection from cold (left hand)
Wands
 b - a wand of warping (9)
 v - a wand of flame (10)
Scrolls
 k - 2 scrolls of blinking
 l - 2 scrolls of amnesia
 n - a scroll of teleportation
 w - a scroll of poison
Potions
 d - a potion of cancellation
 g - 3 potions of enlightenment
 h - a potion of experience {unknown}
 i - 2 potions of curing
 j - a potion of lignification
 m - 2 potions of brilliance
 o - a potion of haste {unknown}
 q - 2 potions of heal wounds
 r - a potion of berserk rage {unknown}
 u - 2 potions of attraction {unknown}


   Skills:
 + Level 2.0 Fighting
 + Level 2.4 Maces & Flails
 + Level 3.1 Dodging
 + Level 3.4 Stealth
 + Level 6.8 Spellcasting
 + Level 3.5 Conjurations
 + Level 7.7 Fire Magic


You had 14 spell levels left.
You knew the following spells:

 Your Spells              Type           Power      Damage    Failure   Level
a - Foxfire               Conj/Fire      100%       2x1d9     1%          1
b - Scorch                Fire           70%        2d7       1%          2
c - Flame Wave            Conj/Fire      28%        2d9       10%         4

Your spell library contained the following spells:

 Spells                   Type           Power      Damage    Failure   Level
 Inner Flame              Hex/Fire       21%        N/A       6%          3
 Volatile Blastmotes      Fire/Tloc      42%        2d13      6%          3
 Sigil of Binding         Hex            6%         N/A       30%         3
 Anguish                  Hex/Necr       3%         N/A       71%         4
 Cause Fear               Hex            3%         N/A       71%         4
 Irradiate                Conj/Alch      6%         3d13      80%         5
 Enfeeble                 Hex            3%         N/A       100%        7
 Ignition                 Fire           17%        3d7       100%        8


Dungeon Overview and Level Annotations

Branches:
Dungeon (6/15)             Temple (1/1) D:6

Altars:
Ashenzari
Cheibriados
Dithmenos
Elyvilon
Fedhas
Gozag
Hepliaklqana
Kikubaaqudgha
Makhleb
Nemelex Xobeh
Okawaru
Qazlal
Ru
Sif Muna
Trog
Uskayaw
Vehumet
Wu Jian
Xom
Yredelemnul
Zin
The Shining One


Innate Abilities, Weirdness & Mutations

You are immune to sickness and miasma.
Your stone body is resilient. (AC +6)
You are immune to poison.
You resist negative energy. (rN+)
You are resistant to electric shocks. (rElec)
You are resistant to unholy torment.
You are immune to petrification.


Message History

Casting: Foxfire (safe; 1% risk of failure)
Confirm with . or Enter, or press ? or * to list all spells.
You conjure some foxfire!
Casting: Foxfire (safe; 1% risk of failure)
Confirm with . or Enter, or press ? or * to list all spells.
Flames lash the wight.
The wight is severely damaged.
The wight's fire resistance burns away.
The foxfire hits the wight.
The wight is burned terribly!
The wight is almost destroyed.
The foxfire hits the wight.
The wight is burned terribly!
You destroy the wight!
Vehumet accepts your kill.
You now have 283 gold pieces (gained 16).
There is an open door here.
Things that are here:
a +0 hand axe; a +0 leather armour A wight comes into view.
It is wielding a +4 scimitar.
The wight hits you with a +4 scimitar!
You closely miss the wight. The wight hits you with a +4 scimitar!
You closely miss the wight. The wight closely misses you.
You hit the wight but do no damage. The wight misses you.
A wight comes into view. It is wielding a +2 great sword.
You hit the wight.
The wight is lightly damaged.
The wight hits you with a +4 scimitar!
Casting: Scorch (safe; 1% risk of failure)
Confirm with . or Enter, or press ? or * to list all spells.
Flames lash the wight.
The wight is moderately damaged.
The wight's fire resistance burns away.
The wight hits you with a +4 scimitar.
* * * LOW HITPOINT WARNING * * *
Unknown command.
The wight attacks as it pursues you! The wight hits you with a +4 scimitar!
* * * LOW HITPOINT WARNING * * *
The wight attacks as it pursues you! The wight barely misses you.
Unknown command.
The wight is no longer more vulnerable to fire.
The wight attacks as it pursues you! The wight hits you with a +4 scimitar.
You die...

##..# ####.........
#..### ####...###
#..####.....###...###...
...z.....##.......######
#z# ####......#### #.#
#.......... #.#
####......#### #z#
#.........).# #@#
#...........#
#.###...........##
#...)...........'.
#####...........##
#...........#
#...........#
#...........##
############## ###


You could see 2 wights.

Vanquished Creatures
  Menkaure (D:6)
  An orc warrior (D:5)
  2 black bears (D:5)
  An ice beast (D:6)
  A sky beast (D:6)
  2 ogres (D:6)
  A phantom (D:5)
  5 scorpions
  A wight (D:6)
  4 bombardier beetles
  4 hounds
  6 jellies
  An orc priest (D:5)
  3 iguanas
  A sleepcap (D:5)
  Ijyb (D:3)
  2 orc wizards
  7 gnolls
  6 adders
  A white imp (D:5)
  2 dart slugs (D:1)
  3 ribbon worms
  19 orcs
  6 endoplasms
  3 giant cockroaches
  4 goblins
  5 hobgoblins
  3 jackals
  8 kobolds
  A quokka (D:3)
  5 ball pythons
  5 bats
  5 frilled lizards (D:1)
  8 rats
128 creatures vanquished.

Vanquished Creatures (others)
  348 foxfires
348 creatures vanquished.

Grand Total: 476 creatures vanquished

Notes
Turn   | Place    | Note
-------+----------+-------------------------------------------
     0 | D:1      | funkygono the Gargoyle Fire Elementalist began the quest
                  | for the Orb.
     0 | D:1      | Reached XP level 1. HP: 10/10 MP: 3/3
   134 | D:1      | Reached XP level 2. HP: 10/15 MP: 0/5
   194 | D:1      | Learned a level 2 spell: Scorch
   228 | D:1      | Found a faded altar of an unknown god.
   716 | D:1      | Reached XP level 3. HP: 19/19 MP: 4/6
  1262 | D:2      | Reached skill level 4 in Fire Magic
  1322 | D:2      | Reached XP level 4. HP: 20/24 MP: 1/7
  1684 | D:2      | Learned a level 4 spell: Flame Wave
  1867 | D:3      | Noticed Ijyb
  1877 | D:3      | Killed Ijyb
  2197 | D:3      | Reached XP level 5. HP: 28/28 MP: 0/9
  2823 | D:3      | Reached skill level 1 in Maces & Flails
  3096 | D:4      | Reached XP level 6. HP: 33/33 MP: 2/11
  3189 | D:4      | Found a sacrificial altar of Ru.
  3827 | D:4      | Reached skill level 5 in Fire Magic
  3841 | D:4      | Reached XP level 7. HP: 37/37 MP: 1/12
  3955 | D:4      | Reached skill level 1 in Fighting
  4269 | D:5      | Entered Level 5 of the Dungeon
  4991 | D:5      | Found a white marble altar of Elyvilon.
  5088 | D:5      | Reached skill level 6 in Fire Magic
  5088 | D:5      | Reached XP level 8. HP: 11/43 MP: 0/15
  5280 | D:5      | Reached skill level 5 in Spellcasting
  5626 | D:5      | Found a hide-covered altar of Uskayaw.
  5980 | D:5      | Reached skill level 7 in Fire Magic
  6428 | D:6      | Reached XP level 9. HP: 48/48 MP: 13/18
  6650 | D:6      | Noticed Menkaure
  6655 | D:6      | Killed Menkaure
  6682 | D:6      | Found a staircase to the Ecumenical Temple.
  6704 | Temple   | Entered the Ecumenical Temple
  6728 | Temple   | Became a worshipper of Vehumet
  7088 | D:6      | HP: 2/48 [wight/+4 scimitar (12)]
  7091 | D:6      | Slain by a wight

Illustrated notes

Levels and vault maps discovered:
D:1:      dpeg_arrival_prison, layout_basic, dreamdust_ecumenical_altar_statues
D:2:      layout_rooms
D:3:      layout_basic, uniq_ijyb
D:4:      layout_loops_ring, mainiacjoe_overflow_concentric_impassable
D:5:      minmay_thinvault, layout_loops_ring, eat_drink_and_be_merry_uskayaw,
          elyvilon_altar_3
D:6:      nicolae_BIG_FREAKIN_CUBE, layout_basic, minmay_temple_entry_offerings,
          serial_bayou_pond_e, dk_vineyard_3, minmay_diced_spiral, uniq_menkaure
Temple:   nicolae_temple_bog_church

Skill      XL: |  1  2  3  4  5  6  7  8 |
---------------+-------------------------+-----
Fire Magic     | 4 5 6 7 |  7.7
Conjurations   | 2 3 |  3.5
Maces & Flails | 1 2 |  2.4
Spellcasting   | 3 4 6 |  6.8
Dodging        | 2 3 |  3.1
Fighting       | 1 2 |  2.0
Stealth        | 3 |  3.4

Action                     |  1- 3 |  4- 6 |  7- 9 || total
---------------------------+-------+-------+-------++-------
  Melee: Unarmed           |    16 |       |       ||    16
         Whip              |    23 |    55 |    79 ||   157
         Morningstar       |       |       |     2 ||     2
   Cast: Foxfire           |    40 |    59 |   103 ||   202
         Scorch            |    10 |    29 |    54 ||    93
    Use: Potion            |       |     1 |     5 ||     6
         Scroll            |       |       |    15 ||    15
 Armour: Robe              |    31 |    40 |    64 ||   135
         Skin              |       |       |    66 ||    66
  Dodge: Dodged            |    32 |    34 |    43 ||   109

Table legend: (Time is in decaauts)
 A = Elapsed time spent in this place.
 B = Non-inter-level travel time spent in this place.
 C = Inter-level travel time spent in this place.
 D = Time resting spent in this place.
 E = Time spent auto-exploring this place.
 F = Levels seen in this place.
 G = Mean time per level.
                   A        B        C        D        E       F      G
               +--------+--------+--------+--------+--------+-----+--------+
         Total |   7099 |   6781 |    318 |     73 |   5537 |   7 | 1014.1 |
       Dungeon |   7052 |   6779 |    273 |     73 |   5537 |   6 | 1175.3 |
        Temple |     47 |      2 |     45 |      0 |      0 |   1 |   47.0 |
               +--------+--------+--------+--------+--------+-----+--------+

Top non-repeatable levels by time:
     D:5: 1900 daAuts
     D:4: 1392 daAuts
     D:1: 1290 daAuts
     D:3: 1156 daAuts
     D:6: 784 daAuts
     D:2: 528 daAuts
  Temple: 47 daAuts
